 Dungeon Crawl Stone Soup version 0.29.0-10-g45618ea6d2 (webtiles) character file.

Game seed: 4815898883749812890

3521 SensoryNuts the Carver (level 9, -1/68 HPs)
             Began as a Demonspawn Fighter on Sept 1, 2022.
             Slain by a two-headed ogre
             ... wielding a +0 giant spiked club
              (13 damage)
             ... on level 8 of the Dungeon.
             The game lasted 00:10:32 (8862 turns).

SensoryNuts the Carver (Demonspawn Fighter)         Turns: 8862, Time: 00:10:33

Health: -1/68      AC: 18    Str: 13    XL:     9   Next: 81%
Magic:  9/9        EV:  3    Int: 14    God:
Gold:   331        SH: 10    Dex: 16    Spells: 8/8 levels left

rFire   . . .      SeeInvis +   a - +1 long sword
rCold   . . .      Faith    .   u - +0 kite shield
rNeg    . . .      Spirit   .   r - +0 plate armour
rPois   .          Reflect  .   t - +0 helmet
rElec   .          Harm     .   s - +1 cloak
rCorr   .          Rampage  .   (gloves unavailable)
Will    .....                   q - +0 pair of boots
Stlth   ..........              (no amulet)
HPRegen 0.21/turn               o - ring of see invisible
MPRegen 0.22/turn               (no ring)

@: no status effects
A: ignite blood 2, magic regeneration, sharp scales 1, demonic touch 3, hooves
1, clever 1, weak 1
a: no special abilities


You were on level 8 of the Dungeon.
You visited 2 branches of the dungeon, and saw 9 of its levels.

You collected 466 gold pieces.
You spent 135 gold pieces at shops.

Inventory:

Hand Weapons
 a - a +1 long sword (weapon)
Missiles
 n - 2 throwing nets (quivered)
Armour
 q - a +0 pair of boots (worn)
 r - a +0 plate armour (worn)
 s - a +1 cloak (worn)
 t - a +0 helmet (worn)
 u - a +0 kite shield (worn)
Jewellery
 j - a ring of positive energy
 o - a ring of see invisible (left hand)
Wands
 f - a wand of quicksilver (15)
 h - a wand of flame (13)
 i - a wand of mindburst (7)
 l - a wand of roots (7)
Scrolls
 d - a scroll of poison
 g - 3 scrolls of amnesia
 k - 2 scrolls of silence
 m - 5 scrolls of teleportation
 p - 3 scrolls of identify
 y - a scroll of butterflies
Potions
 b - 2 potions of might
 c - a potion of curing
 e - a potion of lignification
 v - a potion of berserk rage
 w - a potion of mutation
 x - 3 potions of haste


   Skills:
 + Level 5.3 Fighting
 * Level 9.6 Long Blades
 + Level 6.0 Armour
 + Level 3.1 Dodging
 + Level 1.1 Stealth
 + Level 5.1 Shields


You had 8 spell levels left.
You didn't know any spells.
Your spell library contained the following spells:

 Spells                   Type           Power      Damage    Failure   Level
 Necrotise                Necr           0%         1d4       100%        1
 Vampiric Draining        Necr           0%         2d6       100%        3
 Animate Armour           Summ/Erth      0%         N/A       100%        4
 Corpse Rot               Necr/Pois/Air  0%         N/A       100%        4
 Dispel Undead            Necr           0%         3d6       100%        4
 Agony                    Necr           0%         N/A       100%        5
 Blade Hands              Tmut           0%         N/A       100%        5
 Iskenderun's Battlesphe  Conj           0%         2d6       100%        5
 Death Channel            Necr           0%         N/A       100%        6
 Iron Shot                Conj/Erth      0%         9d1       100%        6
 Spellforged Servitor     Conj/Summ      0%         N/A       100%        7


Dungeon Overview and Level Annotations

Branches:
Dungeon (8/15)             Temple (1/1) D:6
   Lair: D:8-11

Altars:
Ashenzari
Cheibriados
Dithmenos
Gozag
Hepliaklqana
Kikubaaqudgha
Makhleb
Nemelex Xobeh
Okawaru
Ru
Sif Muna
Uskayaw
Vehumet
Xom
Yredelemnul

Shops:
D:1 [   D:3 [   D:4 [   D:8 [


Innate Abilities, Weirdness & Mutations

Your demonic aura often causes spilled blood to erupt in flames.
You regenerate magic rapidly.
You are partially covered in razor-sharp scales. (AC +1, Slay +1)
Your touch may irresistibly damage your foes and sap their willpower.
You have large cloven feet.
Your mind is acute. (Int +4, Str/Dex -1)
You are weak. (Str -2)


Message History

You hit the orc wizard.
The orc wizard is heavily wounded.
The orc hits you but does no damage. You block the orc wizard's attack.
The orc hits you but does no damage.
You closely miss the orc wizard.
The orc wizard is heavily wounded.
You block the orc's attack. The orc wizard casts a spell at you.
The puff of flame hits you but does no damage.
The orc hits you with a +0 hand axe.
You closely miss the orc wizard.
The orc wizard is heavily wounded.
The orc hits you but does no damage. The orc barely misses you.
You hit the two-headed ogre but do no damage.
The orc hits you but does no damage. x2
You slash the two-headed ogre!
The two-headed ogre is lightly wounded.
The orc hits you with a +0 short sword.
The orc wizard casts a spell.
The orc wizard flickers and vanishes for a moment.
The orc hits you but does no damage.
The two-headed ogre is engulfed in blazing flames.
The two-headed ogre hits you but does no damage. x2
You block the orc's attack. x2
The two-headed ogre attacks as you move away!
The two-headed ogre hits you but does no damage.
You block the two-headed ogre's attack.
The two-headed ogre is engulfed in blazing flames.
The two-headed ogre attacks as you move away!
You block the two-headed ogre's attack.
The two-headed ogre hits you with a +0 giant spiked club.
The two-headed ogre is engulfed in blazing flames.
The two-headed ogre hits you with a +0 giant spiked club!
You block the two-headed ogre's attack.
You barely miss the two-headed ogre.
The two-headed ogre is almost dead.
The two-headed ogre hits you with a +0 giant spiked club!
* * * LOW HITPOINT WARNING * * *
The two-headed ogre hits you with a +0 giant spiked club!
You die...

###### .....#
########o...>#
#...@O.ooo...#
#.######.....#
#.# .....# #.#
#...... #.#
...##. ##.##
###.. ##...##
... ##.#.#.##
#.
#######(##....#


You could see a two-headed ogre, an orc wizard (invisible) and 3 orcs.

Vanquished Creatures
  Pikel (D:5)
  Prince Ribbit (D:7)
  A wyvern (D:6)
  3 water moccasins
  Duvessa (D:6)
  A black bear (D:5)
  4 orc warriors
  A sky beast (D:6)
  2 ogres (D:5)
  A centaur (D:7)
  5 kobold brigands
  2 necrophages
  4 bullfrogs
  2 scorpions (D:5)
  Dowan (D:6)
  A howler monkey (D:3)
  The ghost of lonewolfV2 the Grave Robber, a weakling DENe (D:3)
  A hound (D:4)
  4 orc priests
  A gnoll bouda (D:5)
  3 iguanas
  An orc wizard (D:4)
  3 gnolls
  7 adders
  A shadow imp (D:6)
  2 ufetubi
  A worm (D:2)
  5 dart slugs
  32 orcs
  8 bats
  5 endoplasms
  4 giant cockroaches
  12 goblins
  6 hobgoblins
  7 jackals
  30 kobolds
  A quokka (D:2)
  4 ball pythons
  3 frilled lizards
  8 rats
181 creatures vanquished.

Vanquished Creatures (others)
  3 fungi (D:3)
  4 plants
7 creatures vanquished.

Grand Total: 188 creatures vanquished

Notes
Turn   | Place    | Note
-------+----------+-------------------------------------------
     0 | D:1      | SensoryNuts the Demonspawn Fighter began the quest for the
                  | Orb.
     0 | D:1      | Reached XP level 1. HP: 18/18 MP: 1/1
   206 | D:1      | Found Ereonuy's Antique Armour Shoppe.
   231 | D:1      | Reached skill level 2 in Long Blades
   231 | D:1      | Gained mutation: Your demonic aura sometimes causes spilled
                  | blood to erupt in flames. [demonic ancestry]
   231 | D:1      | Reached XP level 2. HP: 24/24 MP: 2/2
  1029 | D:2      | Gained mutation: Your demonic aura often causes spilled
                  | blood to erupt in flames. [demonic ancestry]
  1029 | D:2      | Reached XP level 3. HP: 29/29 MP: 3/3
  1954 | D:2      | Gained mutation: Your touch may inflict minor irresistible
                  | damage on your foes. [demonic ancestry]
  1954 | D:2      | Reached XP level 4. HP: 37/37 MP: 4/4
  1957 | D:2      | Reached skill level 3 in Long Blades
  1966 | D:2      | Found a faded altar of an unknown god.
  2580 | D:3      | Found Joheorixy's Armour Shop.
  2667 | D:3      | Gained mutation: Your touch may inflict irresistible damage
                  | on your foes. [demonic ancestry]
  2667 | D:3      | Reached XP level 5. HP: 36/42 MP: 5/5
  2869 | D:3      | Found a runed translucent gate.
  2869 | D:3      | Noticed lonewolfV2's ghost (weakling DENe)
  2870 | D:3      | Found a runed translucent gate.
  2871 | D:3      | Found a runed translucent gate.
  3097 | D:3      | Killed lonewolfV2's ghost
  3116 | D:3      | Reached skill level 4 in Long Blades
  3554 | D:4      | Identified the +5 scimitar of Inflation {vorpal, rC+ rCorr
                  | Int+6 Dex-4}
  3695 | D:4      | Found Hydoxt Reas's Armour Shop.
  3703 | D:4      | Bought a +0 pair of boots for 45 gold pieces
  3703 | D:4      | Bought a +0 pair of gloves for 45 gold pieces
  3703 | D:4      | Bought a +0 cloak for 45 gold pieces
  3824 | D:4      | Gained mutation: You regenerate magic rapidly. [demonic
                  | ancestry]
  3824 | D:4      | Reached XP level 6. HP: 42/48 MP: 6/6
  4232 | D:4      | Reached skill level 1 in Dodging
  4441 | D:5      | Entered Level 5 of the Dungeon
  4827 | D:5      | Reached skill level 5 in Long Blades
  4835 | D:4      | Gained mutation: You are partially covered in razor-sharp
                  | scales. (AC +1, Slay +1) [demonic ancestry]
  4835 | D:4      | Reached XP level 7. HP: 18/54 MP: 7/7
  5136 | D:5      | Noticed Pikel
  5151 | D:5      | Killed Pikel
  5152 | D:5      | Reached skill level 6 in Long Blades
  5152 | D:5      | Reached skill level 5 in Armour
  5152 | D:5      | Reached XP level 8. HP: 52/60 MP: 8/8
  5419 | D:5      | Reached skill level 1 in Stealth
  5743 | D:5      | Found a burning altar of Makhleb.
  5744 | D:5      | Found a basalt altar of Yredelemnul.
  6119 | D:5      | Reached skill level 7 in Long Blades
  6604 | D:5      | HP: 2/61 [orc warrior/+0 glaive (16)]
  7195 | D:6      | Gained mutation: Your touch may irresistibly damage your
                  | foes and sap their willpower. [demonic ancestry]
  7195 | D:6      | Reached XP level 9. HP: 66/66 MP: 9/9
  7255 | D:6      | Noticed Duvessa
  7256 | D:6      | Noticed Dowan
  7263 | D:6      | Killed Duvessa
  7266 | D:6      | Reached skill level 8 in Long Blades
  7277 | D:6      | Killed Dowan
  7529 | D:6      | Identified the +3 spear of Trauma {pain, rCorr}
  7690 | D:6      | Found a staircase to the Ecumenical Temple.
  7694 | Temple   | Entered the Ecumenical Temple
  7805 | D:7      | Noticed Prince Ribbit
  7816 | D:7      | Killed Prince Ribbit
  7817 | D:7      | Reached skill level 5 in Fighting
  7941 | D:7      | Reached skill level 9 in Long Blades
  8335 | D:7      | Found a shimmering altar of Xom.
  8590 | D:7      | Gained mutation: You are weak. (Str -2) [potion of
                  | mutation]
  8590 | D:7      | Gained mutation: You have large cloven feet. [potion of
                  | mutation]
  8590 | D:7      | Gained mutation: Your mind is acute. (Int +4, Str/Dex -1)
                  | [potion of mutation]
  8605 | D:8      | Found Akkank's Armour Shoppe.
  8622 | D:8      | Reached skill level 5 in Shields
  8848 | D:8      | Noticed a two-headed ogre
  8862 | D:8      | Slain by a two-headed ogre

Illustrated notes

Levels and vault maps discovered:
D:1:      dpeg_arrival_houses_and_road, layout_loops_ring, serial_shops,
          shop_fountains
D:2:      minmay_wonky_spiral, layout_rooms,
          hellmonk_ecumenical_altar_prayer_group
D:3:      layout_loops_corners, serial_shops, nicolae_diamond_shop,
          gammafunk_ghost_nasty_kobolds, minmay_between
D:4:      layout_gridville, serial_shops, nicolae_shop_statue_plus,
          minmay_statues_item, columned_hall_lemuel, lemuel_flame_loot_1
D:5:      layout_loops_ring, grunt_temple_overflow_open,
          lexackson_kobold_supper, uniq_pikel
D:6:      layout_rooms, temple_hall_moat, uniq_duvessa
D:7:      layout_cave_pods, mainiacjoe_overflow_brackets, uniq_prince_ribbit1
D:8:      layout_loops_ring, serial_shops,
          nicolae_shop_temple_entry_statues_fountains
Temple:   eino_wide_crystal_templ

Skill      XL: |  1  2  3  4  5  6  7  8  9 |
---------------+----------------------------+-----
Long Blades    | 2 3 4 5 6 7 9 |  9.6
Armour         | 3 4 5 6 |  6.0
Shields        | 3 4 5 |  5.1
Dodging        | 1 2 3 |  3.1
Fighting       | 4 5 |  5.3
Stealth        | 1 |  1.1

Action                   |  1- 3 |  4- 6 |  7- 9 || total
-------------------------+-------+-------+-------++-------
Melee: Long sword        |   108 |   135 |   289 ||   532
  Use: Scroll            |     4 |     8 |     3 ||    15
       Potion            |       |     5 |     2 ||     7
 Stab: Invisible         |       |     4 |       ||     4
Armor: Scale mail        |    64 |    68 |    84 ||   216
       Skin              |       |     3 |       ||     3
       Plate armour      |       |       |    70 ||    70
Dodge: Dodged            |    47 |    54 |    90 ||   191
Block: Buckler           |    24 |    23 |       ||    47
       Kite shield       |       |    45 |   178 ||   223
